 Dungeon Crawl Stone Soup version 0.31-a0-774-g0d66cbabe8 (webtiles) character file.

Game seed: 4316789954762779975

23 Bravepunisher the Ducker (level 2, 0/16 HPs)
             Began as a Spriggan Monk on Sept 17, 2023.
             Killed by divine providence
             ... invoked by an orc priest
              (16 damage)
             ... on level 4 of the Dungeon.
             The game lasted 00:02:08 (731 turns).

Bravepunisher the Ducker (Spriggan Monk)             Turns: 731, Time: 00:02:08

Health: 0/16       AC:  2    Str:  7    XL:     2   Next: 72%
Magic:  3/3        EV: 19    Int: 11    God:
Gold:   51         SH:  0    Dex: 17    Spells: 1/1 levels left

rFire   . . .        a - +0 short sword
rCold   . . .        d - orb {light}
rNeg    . . .        b - +0 robe
rPois   .            (helmet restricted)
rElec   .            (no cloak)
rCorr   .            (gloves unavailable)
SInv    +            (boots unavailable)
Will    .....        (no amulet)
Stlth   +            (no ring)
HPRegen 0.22/turn    (no ring)
MPRegen 0.08/turn

%: no passive effects
@: glowing, very quick
A: very small, no large weapons, unfitting armour, see invisible, speed 3
a: no special abilities


You were on level 4 of the Dungeon.
You visited 1 branch of the dungeon, and saw 5 of its levels.

You collected 51 gold pieces.

Inventory:

Hand Weapons
 a - a +0 short sword (weapon)
Missiles
 f - a throwing net
Armour
 b - a +0 robe (worn)
 d - an orb of light (worn)


   Skills:
 * Level 3.0 Fighting
 - Level 3.2 Short Blades
 + Level 4.5 Dodging


You had one spell level left.
You didn't know any spells.
Your spell library was empty.

Dungeon Overview and Level Annotations

Branches:
Dungeon (5/15)
 Temple: D:4-7

Altars:
Dithmenos
Vehumet

Shops:
D:2 !

Annotations:
D:2 Terence


Innate Abilities, Weirdness & Mutations

You are very small and have problems with some larger weapons.
You are too small for most types of armour.
You have supernaturally acute eyesight. (SInv)
You cover ground extremely quickly. (Speed+++)


Message History

You hit the ufetubus but do no damage.
The ufetubus is moderately wounded.
The ufetubus closely misses you. x2
The ufetubus hits you but does no damage.
The ufetubus misses you.
You hit the ufetubus.
The ufetubus is heavily wounded.
The ufetubus misses you. The ufetubus hits you.
You barely miss the ufetubus.
The ufetubus is heavily wounded.
The ufetubus completely misses you. The ufetubus hits you.
You hit the ufetubus.
The ufetubus is severely wounded.
The ufetubus closely misses you. The ufetubus misses you.
You closely miss the ufetubus.
The ufetubus is severely wounded.
The ufetubus completely misses you. x2; The ufetubus misses you.
The ufetubus completely misses you.
You hit the ufetubus.
You kill the ufetubus!
Found 6 stones.
You now have 51 gold pieces (gained 13).
You open the door.
A quokka and a scorpion come into view.
There is an open door here.
A sleepcap and a kobold come into view.
The kobold shouts!
The quokka misses you.
You hit the quokka but do no damage. The quokka misses you.
An orc comes into view. It is wielding a +0 morningstar.
The orc shouts!
You hear a shout! x2; You hear an angry hiss.
An orc comes into view. It is wielding a +0 club.
The quokka closely misses you.
An orc comes into view. It is wielding a +0 club.
An orc priest comes into view. It is wielding a +0 club.
The orc priest shouts!
The orc priest calls down the wrath of Beogh upon you.
Beogh smites you!
Ouch! That really hurt!
You die...

##### ##...##
#.....#####..
#..#.@.oo..o.
#.....#####o.
####..r## #..
..##.## #.#
###.#.#
#.###?..'.#
#.......#s#
#..#..(##.#
#..#.###Kf.


You could see an orc priest, 3 orcs and a quokka.

Vanquished Creatures
  An adder (D:4)
  An ufetubus (D:4)
  An orc (D:4)
  A ball python (D:4)
  A hobgoblin (D:4)
  2 kobolds (D:4)
7 creatures vanquished.

Notes
Turn   | Place    | Note
-------+----------+-------------------------------------------
     0 | D:1      | Bravepunisher the Spriggan Monk began the quest for the
                  | Orb.
     0 | D:1      | Reached XP level 1. HP: 11/11 MP: 2/2
    59 | D:2      | Noticed Terence
    66 | D:2      | Found Tefesh's Distillery.
   164 | D:5      | Entered Level 5 of the Dungeon
   164 | D:5      | Noticed a phantom
   284 | D:4      | Found a radiant altar of Vehumet.
   290 | D:4      | Found a shadowy altar of Dithmenos.
   438 | D:4      | Reached XP level 2. HP: 5/16 MP: 3/3
   566 | D:5      | Noticed a centaur
   566 | D:5      | Noticed a two-headed ogre
   723 | D:4      | Noticed a scorpion
   731 | D:4      | Killed from afar by an orc priest

Illustrated notes

Levels and vault maps discovered:
D:1:      spicycebolla_green_bress_n_ham, layout_loops_corners
D:2:      layout_basic, serial_shops, shop, uniq_crazy_yiuf_cottage,
          uniq_terence
D:3:      layout_basic, uniq_jessica
D:4:      minmay_octagon_keep, layout_loops_corners, minitemple, serial_shops,
          nicolae_shop_waterfront, uniq_sigmund
D:5:      layout_gridville, fedhas_bush_and_centaur_altar,
          minmay_misc_feat_four_crosses

Skill      XL: |  1  2 |
---------------+-------+-----
Fighting       | 3 |  3.0
Short Blades   | |  3.2
Dodging        | |  4.5

Action                     || total
---------------------------++-------
  Melee: Short sword       ||    33
    Use: Scroll            ||     1
         Potion            ||     1
 Armour: Robe              ||    16
  Dodge: Dodged            ||    31

Table legend: (Time is in decaauts)
 A = Elapsed time spent in this place.
 B = Non-inter-level travel time spent in this place.
 C = Inter-level travel time spent in this place.
 D = Time resting spent in this place.
 E = Time spent auto-exploring this place.
 F = Levels seen in this place.
 G = Mean time per level.
                   A        B        C        D        E       F      G
               +--------+--------+--------+--------+--------+-----+--------+
         Total |    533 |    533 |      0 |     37 |    346 |   5 |  106.6 |
       Dungeon |    533 |    533 |      0 |     37 |    346 |   5 |  106.6 |
               +--------+--------+--------+--------+--------+-----+--------+

Top non-repeatable levels by time:
     D:4: 452 daAuts
     D:1: 36 daAuts
     D:3: 27 daAuts
     D:2: 13 daAuts
     D:5: 3 daAuts
